 Dungeon Crawl Stone Soup version 0.28.0-53-g5a82cb258f (webtiles) character file.

Game seed: 13350590907242244156

3754 DocClef the Magician (level 10, -8/67 (74) HPs)
             Began as a Gnoll Fire Elementalist on Aug 4, 2022.
             Was an Initiate of Hepliaklqana.
             Mangled by a hornet (14 damage)
             ... on level 8 of the Dungeon on Sept 15, 2022.
             The game lasted 00:31:01 (12374 turns).

DocClef the Magician (Gnoll Fire Elementalist)     Turns: 12374, Time: 00:31:01

HP:   -8/67 (74)    AC:  7    Str:  8    XL:     10   Next: 15%
MP:   11/20         EV: 14    Int: 24    God:    Hepliaklqana [......]
Gold: 362           SH:  5    Dex: 13    Spells: 17/23 levels left

rFire   . . .      SeeInvis .   o - +2 dagger (vamp)
rCold   + . .      Faith    .   (no shield)
rNeg    . . .      Spirit   .   d - +1 leather armour "Omanaumn" {+Inv}
rPois   .          Reflect  +   t - +0 helmet
rElec   .          Harm     .   (no cloak)
rCorr   .          Rampage  .   (no gloves)
Will    .....                   e - +0 pair of boots
Stlth   +++.......              c - amulet of reflection
HPRegen 0.21/turn               u - ring of protection from cold
MPRegen 0.17/turn               x - +6 ring of intelligence

@: drained
A: fangs 1, strong nose, distributed training
a: Renounce Religion, Evoke Invisibility


You were on level 8 of the Dungeon.
You worshipped Hepliaklqana.
Hepliaklqana was noncommittal.
You visited 2 branches of the dungeon, and saw 9 of its levels.
You also visited: Bailey.

You collected 362 gold pieces.

Inventory:

Hand Weapons
 h - a +1 flail of protection
 o - a +2 vampiric dagger (weapon)
 B - a +6 morningstar of chaos
Armour
 a - a +0 robe
 d - the +1 leather armour "Omanaumn" (worn) {+Inv}
   (You found it on level 7 of the Dungeon)

   +Inv:      It lets you turn invisible.
 e - a +0 pair of boots (worn)
 t - a +0 helmet (worn)
Jewellery
 c - an amulet of reflection (around neck)
 q - an amulet of magic regeneration
 u - a ring of protection from cold (left hand)
 x - a +6 ring of intelligence (right hand)
 y - a +6 ring of strength
Wands
 i - a wand of digging (3)
 l - a wand of iceblast (4)
 n - a wand of charming (17)
Scrolls
 f - a scroll of magic mapping {unknown}
 g - a scroll of brand weapon
Potions
 j - 2 potions of haste
 k - a potion of brilliance
 m - 2 potions of degeneration
 s - 2 potions of curing
 z - a potion of lignification


   Skills:
 + Level 5.0 Fighting
 + Level 5.0 Short Blades
 + Level 5.0 Long Blades
 + Level 5.0 Axes
 + Level 5.0 Maces & Flails
 + Level 5.0 Polearms
 + Level 5.0 Staves
 + Level 5.0 Slings
 + Level 5.0 Bows
 + Level 5.0 Crossbows
 + Level 5.0 Throwing
 + Level 5.0 Armour
 + Level 6.8 Dodging
 + Level 6.6 Stealth
 + Level 5.0 Shields
 + Level 5.0 Unarmed Combat
 + Level 7.1 Spellcasting
 + Level 4.7 Conjurations
 + Level 4.1 Hexes
 + Level 4.1 Summonings
 + Level 4.1 Necromancy
 + Level 4.1 Translocations
 + Level 4.1 Transmutations
 + Level 6.9 Fire Magic
 + Level 4.1 Ice Magic
 + Level 4.1 Air Magic
 + Level 4.1 Earth Magic
 + Level 4.1 Poison Magic
 + Level 5.5 Invocations
 + Level 5.0 Evocations


You had 17 spell levels left.
You knew the following spells:

 Your Spells              Type           Power      Damage    Failure   Level
a - Foxfire               Conj/Fire      100%       2x1d9     1%          1
b - Scorch                Fire           84%        2d9       1%          2
c - Inner Flame           Hex/Fire       35%        N/A       3%          3

Your spell library contained the following spells:

 Spells                   Type           Power      Damage    Failure   Level
 Conjure Flame            Conj/Fire      36%        6-21      2%          3
 Gell's Gravitas          Tloc           28%        N/A       5%          3
 Lesser Beckoning         Tloc           28%        N/A       5%          3
 Portal Projectile        Hex/Tloc       56%        N/A       5%          3
 Teleport Other           Tloc           28%        N/A       5%          3
 Flame Wave               Conj/Fire      36%        2d9       9%          4
 Blade Hands              Tmut           14%        N/A       43%         5
 Excruciating Wounds      Necr           14%        N/A       43%         5


Dungeon Overview and Level Annotations

Branches:
Dungeon (8/15)             Temple (1/1) D:7          Bailey (visited)
   Lair: D:8-11

Altars:
Ashenzari
Cheibriados
Dithmenos
Elyvilon
Fedhas
Gozag
Hepliaklqana
Kikubaaqudgha
Makhleb
Nemelex Xobeh
Okawaru
Qazlal
Ru
Sif Muna
Trog
Uskayaw
Vehumet
Wu Jian
Xom
Yredelemnul
Zin
The Shining One

Shops:
D:1 :   D:2 [   D:4 (   D:6 (   D:7 **


Innate Abilities, Weirdness & Mutations

You have very sharp teeth.
Your uncanny sense of smell can sniff out nearby items.
Your experience applies equally to all skills.


Message History

The wight moves out of view.
You barely miss the wight. You bite the wight, but do no damage.
A wight comes into view.
It is wielding a +0 morningstar and wearing a +0 robe of cold resistance.
The wight misses you.
You hit the wight.
The wight is lightly damaged.
The wight hits you with a +0 battleaxe. 2 orcs come into view.
The wight barely misses you.
An orc comes into view. It is wielding a +0 dagger.
As you read the scroll of teleportation, it crumbles to dust.
You feel strangely unstable. The wight barely misses you.
The wight hits you with a +2 war axe!
You feel drained.
The wight hits you with a +0 morningstar!
* * * LOW HITPOINT WARNING * * *
You feel drained.
* * * LOW HITPOINT WARNING * * *
The wight hits you but does no damage.
The howler monkey howls!
You hit the wight but do no damage.
The wight is lightly damaged.
You hear a shout!
The wight zaps a wand.
You struggle to resist.
The wight barely misses you. x2
You closely miss the water moccasin.
The water moccasin is lightly wounded.
The water moccasin bites you.
* * * LOW HITPOINT WARNING * * *
The wight hits you from afar with a +5 spear.
* * * LOW HITPOINT WARNING * * *
You feel drained. The wight closely misses you.
The wight zaps a wand.
You struggle to resist.
You block the water moccasin's attack.
You hit the water moccasin but do no damage.
The water moccasin is lightly wounded.
Your surroundings suddenly seem different.
Found 11 stones.
Unknown command.
You barely miss the hornet.
The hornet buzzes angrily.
The hornet stings you!
You die...

# ####.o.o....
###.zzzz.....##.#...###.
....z<.....(............
######.......#..........
#_## #<.................
...8#########.........(.
....# #...........
....8# ...#..y........
....## #.....@.......
...8# ###...........
####........ #......##
########


You could see a hornet.

Vanquished Creatures
  Grinder (D:3)
  Sigmund (D:3)
  A wraith (D:6)
  A wyvern (D:8)
  Eustachio (D:5)
  A water moccasin (D:8)
  4 orc warriors
  A phantom (D:7)
  A kobold brigand (D:7)
  Blork the orc (D:5)
  A scorpion (D:4)
  A wyvern skeleton (D:6)
  A water moccasin skeleton (D:6)
  9 killer bees
  13 wights
  A howler monkey (D:8)
  A centaur zombie (D:5)
  4 hounds
  A jelly (D:5)
  2 bullfrog zombies
  5 orc priests
  A centaur skeleton (D:5)
  Ijyb (D:3)
  Terence (D:3)
  8 orc wizards
  Natasha (thrice) (D:2)
  4 iguanas
  A hound skeleton (D:4)
  5 adders
  3 gnolls (D:6)
  A shadow imp (D:7)
  An adder skeleton (D:2)
  2 worms
  5 dart slugs
  39 orcs
  7 endoplasms
  5 giant cockroaches
  11 goblins
  9 hobgoblins
  6 jackals
  4 quokkas
  11 ball pythons
  A ball python zombie (D:2)
  5 bats
  5 frilled lizards
  26 kobolds
  5 rats
222 creatures vanquished.

Vanquished Creatures (collateral kills)
  4 foxfires
4 creatures vanquished.

Vanquished Creatures (others)
  A killer bee (D:6)
  A kobold (D:7)
  856 foxfires
  4 fungi (D:8)
  92 plants
  12 withered plants (D:2)
966 creatures vanquished.

Grand Total: 1192 creatures vanquished

Notes
Turn   | Place    | Note
-------+----------+-------------------------------------------
     0 | D:1      | DocClef the Gnoll Fire Elementalist began the quest for the
                  | Orb.
     0 | D:1      | Reached XP level 1. HP: 13/13 MP: 6/6
    69 | D:1      | Found Efumpeka's Book Shoppe.
   362 | D:1      | Reached XP level 2. HP: 19/19 MP: 3/7
   847 | D:1      | Reached XP level 3. HP: 25/25 MP: 5/9
   850 | D:1      | Learned a level 2 spell: Scorch
   854 | D:1      | Learned a level 3 spell: Inner Flame
   905 | D:1      | Reached skill level 5 in Spellcasting
  1442 | D:2      | Noticed Natasha
  1451 | D:2      | Killed Natasha
  1452 | D:2      | Reached skill level 1 in Fighting
  1452 | D:2      | Reached skill level 1 in Short Blades
  1452 | D:2      | Reached skill level 1 in Long Blades
  1452 | D:2      | Reached skill level 1 in Axes
  1452 | D:2      | Reached skill level 1 in Maces & Flails
  1452 | D:2      | Reached skill level 1 in Polearms
  1452 | D:2      | Reached skill level 1 in Staves
  1452 | D:2      | Reached skill level 1 in Slings
  1452 | D:2      | Reached skill level 1 in Bows
  1452 | D:2      | Reached skill level 1 in Crossbows
  1452 | D:2      | Reached skill level 1 in Throwing
  1452 | D:2      | Reached skill level 1 in Armour
  1452 | D:2      | Reached skill level 1 in Shields
  1452 | D:2      | Reached skill level 1 in Unarmed Combat
  1452 | D:2      | Reached skill level 1 in Invocations
  1452 | D:2      | Reached skill level 1 in Evocations
  1522 | D:2      | Reached XP level 4. HP: 23/32 MP: 6/11
  1795 | D:2      | Noticed Natasha
  1799 | D:2      | Killed Natasha
  1800 | D:2      | Reached skill level 1 in Hexes
  1800 | D:2      | Reached skill level 1 in Summonings
  1800 | D:2      | Reached skill level 1 in Necromancy
  1800 | D:2      | Reached skill level 1 in Translocations
  1800 | D:2      | Reached skill level 1 in Transmutations
  1800 | D:2      | Reached skill level 1 in Ice Magic
  1800 | D:2      | Reached skill level 1 in Air Magic
  1800 | D:2      | Reached skill level 1 in Earth Magic
  1800 | D:2      | Reached skill level 1 in Poison Magic
  2157 | D:2      | Reached XP level 5. HP: 37/37 MP: 9/12
  2382 | D:2      | Found a faded altar of an unknown god.
  2618 | D:2      | Noticed Natasha
  2624 | D:2      | Killed Natasha
  2774 | D:2      | Found Sotroxadgh's Antique Armour Shoppe.
  3060 | D:3      | Noticed Grinder
  3176 | D:3      | Killed Grinder
  3177 | D:3      | Reached skill level 5 in Dodging
  3177 | D:3      | Reached XP level 6. HP: 44/44 MP: 7/14
  3443 | D:3      | Found a bloodstained altar of Trog.
  3550 | D:3      | Noticed Ijyb
  3556 | D:3      | Killed Ijyb
  3557 | D:3      | Reached XP level 7. HP: 50/50 MP: 4/15
  4024 | D:3      | Noticed Terence
  4029 | D:3      | Killed Terence
  4266 | D:3      | Noticed Sigmund
  4272 | D:3      | Killed Sigmund
  4583 | D:4      | Reached skill level 5 in Stealth
  4752 | D:4      | Found Qaangiti's Antique Weapon Boutique.
  5678 | D:5      | Entered Level 5 of the Dungeon
  5752 | D:5      | Reached XP level 8. HP: 57/57 MP: 11/16
  6030 | D:5      | Noticed Blork the orc
  6036 | D:5      | Killed Blork the orc
  6048 | D:5      | Noticed Eustachio
  6152 | D:4      | HP: 2/58 [spore (30)]
  6468 | D:4      | Reached skill level 6 in Spellcasting
  6674 | D:5      | Killed Eustachio
  7058 | D:6      | Found Werremin's Weapon Shop.
  7526 | D:6      | Reached XP level 9. HP: 10/65 MP: 2/18
  8926 | D:7      | Identified the +1 leather armour "Omanaumn" {+Inv}
  8976 | D:7      | Found a flagged portal.
  8993 | Bailey   | Entered a bailey
  9236 | Bailey   | Noticed an orc knight
  9376 | Bailey   | Noticed an orc knight
  9931 | D:7      | Found Lythuczu's Gadget Gallery.
  9932 | D:7      | Found Sankiom's General Store.
 10135 | D:7      | Reached skill level 5 in Invocations
 10625 | D:7      | Found a staircase to the Ecumenical Temple.
 10654 | Temple   | Entered the Ecumenical Temple
 11004 | Temple   | Became a worshipper of Hepliaklqana the Forgotten
 11594 | D:8      | Found an ornate altar of the Wu Jian Council.
 11595 | D:8      | Reached skill level 7 in Spellcasting
 11603 | D:8      | Noticed a hornet
 11605 | D:8      | Reached XP level 10. HP: 60/73 MP: 10/20
 12338 | D:8      | Reached skill level 5 in Fighting
 12338 | D:8      | Reached skill level 5 in Short Blades
 12338 | D:8      | Reached skill level 5 in Long Blades
 12338 | D:8      | Reached skill level 5 in Axes
 12338 | D:8      | Reached skill level 5 in Maces & Flails
 12338 | D:8      | Reached skill level 5 in Polearms
 12338 | D:8      | Reached skill level 5 in Staves
 12338 | D:8      | Reached skill level 5 in Slings
 12338 | D:8      | Reached skill level 5 in Bows
 12338 | D:8      | Reached skill level 5 in Crossbows
 12338 | D:8      | Reached skill level 5 in Throwing
 12338 | D:8      | Reached skill level 5 in Armour
 12338 | D:8      | Reached skill level 5 in Shields
 12338 | D:8      | Reached skill level 5 in Unarmed Combat
 12338 | D:8      | Reached skill level 5 in Evocations
 12374 | D:8      | Mangled by a hornet

Illustrated notes

Levels and vault maps discovered:
D:1:      dpeg_arrival_short_road, layout_basic, serial_shops,
          nicolae_shop_trees, kennysheep_nondescript, minmay_misc_feat_alley
D:2:      layout_loops_ring, serial_shops, shop_fountains, serial_undead,
          serial_undead_c, serial_undead_c, serial_undead_f, serial_undead_a,
          shapermc_ecumenical_altar_flowoftime, uniq_natasha
D:3:      layout_basic, mainiacjoe_overflow_surrounded_room, uniq_grinder,
          uniq_terence, uniq_ijyb, uniq_sigmund
D:4:      layout_loops_ring, serial_shops, shop, serial_bayou,
          serial_bayou_pond_e, serial_bayou_pond_e, serial_bayou_pond_c,
          serial_bayou_pond_e
D:5:      layout_basic, minmay_stone_trees_medium, dk_noncrumbling_3,
          kennysheep_generic_room_14, uniq_blork_the_orc, uniq_eustachio
D:6:      layout_loops_cross, serial_shops, shop, grunt_ministairs_9
D:7:      kennysheep_kobold_camp, layout_cave_pods,
          minmay_temple_entry_sparse_star, serial_shops, shop_fountains,
          enter_bailey_3, nicolae_shop_gadgets
D:8:      layout_rooms, nicolae_overflow_hidden_temple, minmay_lair_entry_grove,
          nicolae_shop_sticking_my_neck_out
Temple:   mainiacjoe_temple_big_plus

Skill      XL: |  1  2  3  4  5  6  7  8  9 10 |
---------------+-------------------------------+-----
Conjurations   | 2 3 4 |  4.7
Spellcasting   | 5 6 7 |  7.1
Fighting       | 1 2 3 4 5 |  5.0
Short Blades   | 1 2 3 4 5 |  5.0
Long Blades    | 1 2 3 4 5 |  5.0
Axes           | 1 2 3 4 5 |  5.0
Maces & Flails | 1 2 3 4 5 |  5.0
Polearms       | 1 2 3 4 5 |  5.0
Staves         | 1 2 3 4 5 |  5.0
Slings         | 1 2 3 4 5 |  5.0
Bows           | 1 2 3 4 5 |  5.0
Crossbows      | 1 2 3 4 5 |  5.0
Throwing       | 1 2 3 4 5 |  5.0
Armour         | 1 2 3 4 5 |  5.0
Shields        | 1 2 3 4 5 |  5.0
Unarmed Combat | 1 2 3 4 5 |  5.0
Invocations    | 1 2 3 4 5 |  5.5
Evocations     | 1 2 3 4 5 |  5.0
Hexes          | 1 2 3 4 |  4.1
Summonings     | 1 2 3 4 |  4.1
Necromancy     | 1 2 3 4 |  4.1
Translocations | 1 2 3 4 |  4.1
Transmutations | 1 2 3 4 |  4.1
Ice Magic      | 1 2 3 4 |  4.1
Air Magic      | 1 2 3 4 |  4.1
Earth Magic    | 1 2 3 4 |  4.1
Poison Magic   | 1 2 3 4 |  4.1
Dodging        | 5 6 |  6.8
Stealth        | 5 6 |  6.6
Fire Magic     | 6 |  6.9

Action                   |  1- 3 |  4- 6 |  7- 9 | 10-12 || total
-------------------------+-------+-------+-------+-------++-------
Melee: Dagger            |     3 |    35 |    43 |    14 ||    95
       Bite              |       |     5 |     6 |     2 ||    13
       Punch             |       |     1 |     1 |       ||     2
 Cast: Foxfire           |    70 |    93 |   343 |    24 ||   530
       Scorch            |     1 |     3 |    18 |       ||    22
       Inner Flame       |       |     4 |    31 |     9 ||    44
Evoke: Wand              |       |       |     1 |       ||     1
  Use: Potion            |       |       |     5 |       ||     5
       Scroll            |       |       |    14 |     1 ||    15
 Stab: Sleeping          |       |     3 |     2 |       ||     5
       Distracted        |       |     1 |       |       ||     1
Armor: Robe              |     3 |     7 |    18 |       ||    28
       Leather armour    |       |       |     5 |    10 ||    15
Dodge: Dodged            |    14 |    20 |    68 |    27 ||   129
Block: Other             |       |       |    18 |    13 ||    31
